[ AOE2 MATCH · #505538944 ]
UnrankedBohemians vs Teutons
Player's team · WIN
Rival team · LOSS
[ REPLAY ANALYSIS · EXTRACTED FROM THE RECORDED GAME ]
Feudal
10:44
Castle
18:52
Imperial
—
| APM avg | 37.8 |
| APM peak | 84 |
| eAPM avg | 18.7 |
| Villagers / military | 83 / 23 |
Focus
⚔️ 38.7% · 🌾 61.3%
Hussite Wagon ×13 · Monk ×3 · Spearman ×3 · Mangonel ×2 · Battering Ram ×2
Feudal
9:18
Castle
27:57
Imperial
—
| APM avg | 45.0 |
| APM peak | 105 |
| eAPM avg | 25.5 |
| Villagers / military | 86 / 12 |
Focus
⚔️ 23.0% · 🌾 77.0%
Teutonic Knight ×6 · Scout Cavalry ×5 · Spearman ×1
Match map
Initial resources + every placement click. Lines = walls · curves = elevation contours. ◆ gold · ⬟ stone · ● berries · ✦ relic · ◌ wall gap
Your base· ✓ Closed at 18:52 · 16t walls · 2 gate(s)
LGN.Chelito_SM's base· ✓ Closed at 27:57 · 0t walls · 2 gate(s)
Smoothed initial terrain · ◌ = detected wall gap · hover for details
Inputs per minute
— DGHIR | Lukera - - LGN.Chelito_SM
Build order — DGHIR | Lukera
First 150 of 183 actions detected
| 0:02 | Queue | Villager (Male) |
| 0:02 | Queue | Villager (Male) |
| 0:02 | Queue | Villager (Male) |
| 0:03 | Build | House |
| 0:05 | Build | House |
| 0:13 | Queue | Villager (Male) |
| 1:20 | Queue | Villager (Male) |
| 2:04 | Queue | Villager (Male) |
| 2:07 | Build | Lumber Camp |
| 2:22 | Queue | Villager (Male) |
| 2:55 | Queue | Villager (Male) |
| 3:29 | Build | House |
| 3:31 | Queue | Villager (Male) |
| 3:35 | Build | House |
| 3:36 | Queue | Villager (Male) |
| 3:36 | Queue | Villager (Male) |
| 3:42 | Queue | Villager (Male) |
| 4:03 | Build | Mill |
| 4:13 | Queue | Villager (Male) |
| 4:18 | Queue | Villager (Male) |
| 5:09 | Queue | Villager (Male) |
| 5:28 | Queue | Villager (Male) |
| 5:31 | Queue | Villager (Male) |
| 5:44 | Queue | Villager (Male) |
| 5:57 | Build | House |
| 6:29 | Queue | Villager (Male) |
| 6:44 | Queue | Villager (Male) |
| 7:04 | Queue | Villager (Male) |
| 7:16 | Queue | Villager (Male) |
| 7:27 | Research | Loom |
| 7:43 | Build | House |
| 8:12 | Build | Mining Camp |
| 8:28 | Build | Farm |
| 8:34 | Research | Feudal Age |
| 9:42 | Queue | Villager (Male) |
| 10:44 | Age | Feudal Age |
| 10:48 | Research | Wheelbarrow |
| 10:51 | Research | Double-Bit Axe |
| 10:53 | Queue | Villager (Male) |
| 11:26 | Queue | Villager (Male) |
| 11:34 | Research | Horse Collar |
| 11:38 | Build | Farm |
| 11:45 | Build | Blacksmith |
| 12:00 | Build | Market |
| 12:10 | Queue | Villager (Male) |
| 12:22 | Build | Farm |
| 13:21 | Queue | Villager (Male) |
| 13:48 | Build | Stone Wall |
| 13:55 | Build | Stone Wall |
| 14:08 | Queue | Villager (Male) |
| 14:36 | Queue | Villager (Male) |
| 14:39 | Build | Farm |
| 14:43 | Queue | Villager (Male) |
| 15:11 | Build | House |
| 15:39 | Queue | Villager (Male) |
| 15:42 | Build | House |
| 16:12 | Research | Castle Age |
| 16:32 | Build | Mining Camp |
| 16:33 | Queue | Villager (Male) |
| 17:36 | Build | Stone Wall |
| 17:43 | Build | Stone Wall |
| 17:49 | Build | House |
| 17:52 | Build | Stone Wall |
| 18:11 | Build | Farm |
| 18:37 | Queue | Villager (Male) |
| 18:52 | Age | Castle Age |
| 19:04 | Build | Castle |
| 19:07 | Build | Gate |
| 19:12 | Build | Stone Wall |
| 19:20 | Build | Siege Workshop |
| 19:24 | Build | House |
| 19:44 | Queue | Villager (Male) |
| 19:48 | Build | Monastery |
| 20:05 | Queue | Hussite Wagon |
| 20:14 | Queue | Mangonel |
| 20:17 | Build | Palisade Wall |
| 20:20 | Queue | Monk |
| 20:31 | Queue | Villager (Male) |
| 20:43 | Queue | Villager (Male) |
| 21:08 | Queue | Battering Ram |
| 21:13 | Queue | Villager (Male) |
| 21:19 | Build | Mining Camp |
| 21:21 | Queue | Villager (Male) |
| 21:34 | Queue | Villager (Male) |
| 21:35 | Queue | Hussite Wagon |
| 21:56 | Queue | Villager (Male) |
| 21:56 | Queue | Villager (Male) |
| 22:05 | Queue | Hussite Wagon |
| 22:14 | Build | Barracks |
| 22:16 | Build | Farm |
| 22:40 | Queue | Hussite Wagon |
| 22:41 | Build | Farm |
| 23:20 | Queue | Villager (Male) |
| 23:21 | Queue | Villager (Male) |
| 23:27 | Queue | Mangonel |
| 23:28 | Queue | Spearman |
| 23:32 | Queue | Spearman |
| 23:32 | Queue | Spearman |
| 23:40 | Queue | Hussite Wagon |
| 23:40 | Queue | Hussite Wagon |
| 23:58 | Queue | Monk |
| 24:00 | Queue | Villager (Male) |
| 24:30 | Queue | Villager (Male) |
| 24:48 | Build | House |
| 25:09 | Queue | Hussite Wagon |
| 25:09 | Queue | Hussite Wagon |
| 25:16 | Queue | Villager (Male) |
| 25:17 | Queue | Villager (Male) |
| 25:37 | Queue | Battering Ram |
| 25:39 | Queue | Villager (Male) |
| 25:39 | Queue | Villager (Male) |
| 25:53 | Build | Castle |
| 26:13 | Queue | Hussite Wagon |
| 26:14 | Queue | Hussite Wagon |
| 26:25 | Queue | Villager (Male) |
| 27:04 | Queue | Villager (Male) |
| 27:04 | Queue | Villager (Male) |
| 27:33 | Build | House |
| 27:36 | Build | House |
| 27:38 | Build | House |
| 27:40 | Queue | Villager (Male) |
| 27:58 | Queue | Villager (Male) |
| 27:59 | Build | Farm |
| 28:03 | Build | Farm |
| 28:05 | Build | Farm |
| 28:07 | Build | Farm |
| 28:08 | Build | Farm |
| 28:09 | Build | Farm |
| 28:19 | Build | Mining Camp |
| 28:33 | Queue | Villager (Male) |
| 28:33 | Queue | Villager (Male) |
| 28:49 | Build | Farm |
| 28:52 | Build | Farm |
| 29:06 | Queue | Villager (Male) |
| 29:11 | Queue | Villager (Male) |
| 29:23 | Build | Stone Wall |
| 29:28 | Build | Gate |
| 29:30 | Queue | Villager (Male) |
| 29:30 | Queue | Villager (Male) |
| 29:35 | Build | Farm |
| 29:36 | Build | Farm |
| 29:38 | Research | Fervor |
| 29:39 | Research | Fervor |
| 29:39 | Queue | Villager (Male) |
| 29:40 | Queue | Villager (Male) |
| 29:54 | Build | Town Center |
| 29:55 | Queue | Villager (Male) |
| 30:01 | Build | Town Center |
| 30:04 | Research | Bow Saw |
| 30:04 | Research | Heavy Plow |
Build order — LGN.Chelito_SM
First 150 of 176 actions detected
| 0:02 | Queue | Villager (Male) ×4 |
| 0:02 | Queue | Villager (Male) ×4 |
| 0:04 | Build | House |
| 0:06 | Build | House |
| 1:25 | Queue | Villager (Male) |
| 1:25 | Queue | Villager (Male) |
| 1:55 | Queue | Villager (Male) |
| 1:59 | Build | Lumber Camp |
| 2:26 | Queue | Villager (Male) |
| 2:27 | Queue | Villager (Male) |
| 2:27 | Queue | Villager (Male) |
| 3:08 | Queue | Villager (Male) |
| 3:08 | Queue | Villager (Male) |
| 3:09 | Queue | Villager (Male) |
| 3:09 | Queue | Villager (Male) |
| 3:52 | Build | House |
| 3:57 | Queue | Villager (Male) |
| 4:13 | Queue | Villager (Male) |
| 4:13 | Queue | Villager (Male) |
| 4:30 | Queue | Villager (Male) |
| 4:45 | Queue | Villager (Male) |
| 5:05 | Build | Mining Camp |
| 5:33 | Queue | Villager (Male) |
| 6:01 | Queue | Villager (Male) |
| 6:07 | Research | Loom |
| 7:08 | Research | Feudal Age |
| 7:57 | Build | House |
| 8:51 | Build | House |
| 9:00 | Build | Mill |
| 9:01 | Queue | Villager (Male) |
| 9:01 | Queue | Villager (Male) |
| 9:01 | Queue | Villager (Male) |
| 9:18 | Age | Feudal Age |
| 9:52 | Build | Barracks |
| 10:00 | Queue | Villager (Male) |
| 10:22 | Research | Double-Bit Axe |
| 10:50 | Queue | Villager (Male) |
| 10:50 | Queue | Villager (Male) |
| 11:07 | Queue | Villager (Male) |
| 11:07 | Queue | Villager (Male) |
| 11:32 | Build | Barracks |
| 11:34 | Queue | Villager (Male) |
| 11:34 | Queue | Villager (Male) |
| 11:50 | Queue | Villager (Male) |
| 11:51 | Queue | Villager (Male) |
| 12:25 | Build | Watch Tower |
| 12:26 | Queue | Villager (Male) |
| 12:27 | Queue | Villager (Male) |
| 12:27 | Queue | Villager (Male) |
| 12:41 | Queue | Spearman |
| 12:55 | Build | House |
| 13:00 | Build | House |
| 13:18 | Queue | Villager (Male) |
| 13:18 | Queue | Villager (Male) |
| 13:19 | Queue | Villager (Male) |
| 13:46 | Queue | Villager (Male) |
| 14:08 | Research | Horse Collar |
| 14:36 | Queue | Villager (Male) |
| 14:36 | Queue | Villager (Male) |
| 14:36 | Queue | Villager (Male) |
| 14:48 | Build | Watch Tower |
| 14:53 | Build | Blacksmith |
| 15:07 | Queue | Villager (Male) |
| 15:07 | Queue | Villager (Male) |
| 15:36 | Queue | Villager (Male) |
| 15:36 | Queue | Villager (Male) |
| 15:36 | Queue | Villager (Male) |
| 15:47 | Build | House |
| 15:52 | Research | Fletching |
| 15:53 | Queue | Villager (Male) |
| 15:53 | Queue | Villager (Male) |
| 16:09 | Queue | Villager (Male) |
| 16:10 | Queue | Villager (Male) |
| 16:19 | Build | House |
| 16:27 | Build | Farm |
| 16:28 | Queue | Villager (Male) |
| 16:28 | Queue | Villager (Male) |
| 16:31 | Build | Farm |
| 16:37 | Build | Farm |
| 16:49 | Build | Farm |
| 16:52 | Queue | Villager (Male) |
| 16:52 | Queue | Villager (Male) |
| 16:52 | Queue | Villager (Male) |
| 16:56 | Build | Farm |
| 17:11 | Queue | Villager (Male) |
| 17:11 | Queue | Villager (Male) |
| 17:11 | Queue | Villager (Male) |
| 17:14 | Build | Farm |
| 17:54 | Build | Watch Tower |
| 18:04 | Queue | Villager (Male) |
| 18:04 | Queue | Villager (Male) |
| 18:05 | Queue | Villager (Male) |
| 18:05 | Queue | Villager (Male) |
| 18:09 | Build | Farm |
| 18:10 | Build | Farm |
| 18:11 | Queue | Villager (Male) |
| 18:26 | Research | Town Watch |
| 18:48 | Queue | Villager (Male) |
| 19:19 | Build | Watch Tower |
| 19:25 | Build | Watch Tower |
| 19:27 | Queue | Villager (Male) |
| 19:30 | Build | Farm |
| 19:37 | Build | Outpost |
| 19:46 | Build | Lumber Camp |
| 19:48 | Queue | Villager (Male) |
| 20:13 | Build | Farm |
| 20:17 | Build | Mining Camp |
| 20:18 | Queue | Villager (Male) |
| 20:28 | Build | Watch Tower |
| 20:38 | Build | Farm |
| 20:40 | Queue | Villager (Male) |
| 21:06 | Queue | Villager (Male) |
| 21:18 | Build | Stable |
| 21:26 | Queue | Villager (Male) |
| 21:35 | Build | House |
| 21:52 | Queue | Villager (Male) |
| 22:03 | Build | Lumber Camp |
| 22:16 | Build | Outpost |
| 22:18 | Queue | Villager (Male) |
| 22:22 | Build | Market |
| 22:39 | Research | Stone Mining |
| 22:47 | Queue | Villager (Male) |
| 23:04 | Build | Outpost |
| 23:13 | Queue | Scout Cavalry |
| 23:13 | Queue | Scout Cavalry |
| 23:15 | Queue | Villager (Male) |
| 23:19 | Build | Farm |
| 23:20 | Build | Farm |
| 23:20 | Build | Farm |
| 23:20 | Build | Farm |
| 23:20 | Build | Farm |
| 23:21 | Build | Farm |
| 23:23 | Queue | Villager (Male) |
| 23:44 | Build | Stable |
| 23:58 | Queue | Villager (Male) |
| 24:02 | Build | Farm |
| 24:02 | Build | Farm |
| 24:02 | Build | Farm |
| 24:02 | Build | Farm |
| 24:29 | Build | House |
| 24:30 | Build | House |
| 25:17 | Research | Castle Age |
| 25:17 | Research | Castle Age |
| 25:17 | Research | Castle Age |
| 25:29 | Queue | Scout Cavalry |
| 25:35 | Build | House |
| 26:06 | Research | Bloodlines |
| 26:18 | Queue | Scout Cavalry |
| 26:30 | Queue | Scout Cavalry |
| 27:09 | Research | Wheelbarrow |
Match timeline
| 9:18 | LGN.Chelito_SM · age_up feudal |
| 9:52 | LGN.Chelito_SM · first_building Barracks |
| 10:44 | DGHIR | Lukera · age_up feudal |
| 13:20 | DGHIR | Lukera · first_market_buy 100 food |
| 13:48 | DGHIR | Lukera · wall_segment Stone Wall x9 |
| 13:55 | DGHIR | Lukera · wall_segment Stone Wall x3 |
| 16:07 | DGHIR | Lukera · first_market_sell 100 wood |
| 17:36 | DGHIR | Lukera · wall_segment Stone Wall x2 |
| 17:43 | DGHIR | Lukera · wall_segment Stone Wall x1 |
| 17:52 | DGHIR | Lukera · wall_segment Stone Wall x1 |
| 18:52 | DGHIR | Lukera · age_up castle |
| 19:04 | DGHIR | Lukera · first_building Castle |
| 19:12 | DGHIR | Lukera · wall_segment Stone Wall x1 |
| 19:20 | DGHIR | Lukera · first_building Siege Workshop |
| 19:48 | DGHIR | Lukera · first_building Monastery |
| 20:17 | DGHIR | Lukera · wall_segment Palisade Wall x2 |
| 21:18 | LGN.Chelito_SM · first_building Stable |
| 22:14 | DGHIR | Lukera · first_building Barracks |
| 27:57 | LGN.Chelito_SM · age_up castle |
| 29:11 | LGN.Chelito_SM · first_building Castle |
| 29:23 | DGHIR | Lukera · wall_segment Stone Wall x1 |
| 30:05 | LGN.Chelito_SM · first_building Monastery |
| 30:26 | LGN.Chelito_SM · wall_segment Stone Wall x4 |
| 30:34 | LGN.Chelito_SM · wall_segment Stone Wall x7 |
| 30:51 | LGN.Chelito_SM · first_market_buy 100 stone |
| 30:53 | LGN.Chelito_SM · first_market_sell 100 wood |
| 31:22 | LGN.Chelito_SM · wall_segment Stone Wall x4 |
| 31:52 | LGN.Chelito_SM · first_building Archery Range |
| 33:08 | LGN.Chelito_SM · resign |
[ AI ANALYSIS · 1 CREDIT ]
What really happened in this match?
Wolo.gg analyzes every decision: build order, eco, micro, common mistakes by bracket. Personalized analysis on WhatsApp or Discord in 30 seconds.
Civ guide
Bohemians
Perfil
Jugador #5124028